AoeStats
← MUERTOMAGICO_GG

Arabia

503281981Analyzed
1v1 RM · 10d ago on Aug 31, 2026· 87m 51s· 2 players
Game mode
Random Map
Map size
Tiny (2 player)
Population
200
Speed
Normal
Resources
Standard
Victory
Conquest
Starting age
Dark Age
Ending age
Imperial Age
RankedLock teamsTeams togetherTeam positionsShared explorationLock speedFull tech treeHidden civsTurbo modeCheats
Victory
Defeat
🇺🇾 Maya · Uruguay
922
+16
🇭🇰 Vietnamese · Hong Kong SAR China
929
-16
MUERTOMAGICO_GG
0:26 Loom
9:31 Feudal Age
10:40 Double-Bit Axe
13:05 Gold Mining
13:08 Fletching
15:28 Padded Archer Armor
20:17 Castle Age
18:04 Horse Collar
19:07 Stone Mining
20:42 Crossbowman
21:46 Bow Saw
22:28 Wheelbarrow
22:34 Heavy Plow
23:53 Bodkin Arrow
26:04 Wheelbarrow
25:49 Leather Archer Armor
27:16 Forging
29:31 Scale Mail Armor
37:06 Eagle Warrior
43:01 Elite Skirmisher
50:23 Imperial Age
53:29 Pikeman
59:48 Ballistics
62:43 Masonry
Disconnected
7:51 Loom
10:39 Feudal Age
14:23 Castle Age
14:56 Double-Bit Axe
15:48 Wheelbarrow
15:47 Bow Saw
22:46 Squires
24:58 Husbandry
30:37 Husbandry
31:19 Arson
50:12 Scale Barding Armor
Connection lost

Rejoining the realm…

Still unreachable

The connection could not be restored.

Session expired

The server has moved on; the page needs a fresh start.